Map: Scalo orbitale (Bilanciamento 3.0.5 v1.0)

Players

Kether - Winner!

  • Race: Zerg Zerg

Jhyrachy

  • Race: Zerg Zerg
  • League: Bronze

VOD

Have the link to the VOD?

Description

Time

  • Played on: Dec. 2, 2015, 4:20 p.m.
  • Length: 14:20
Show
View Real Time Build Order
Export as new Build Order

Kether Zerg - Winner!

Build Orders: Hatch First 

Get SALT Encoding   

  12  0:02  Drone  
  13  0:10  Drone  
  14  0:17  Overlord  
  14  0:35  Drone x2  
  14  0:36  Drone  
  17  0:55  Hatchery, Drone  
  17  0:59  Drone  
  18  1:17  Spawning Pool  
  17  1:19  Overlord  
  17  1:27  Extractor  
  16  1:54  Drone x3  
  19  2:03  Queen  
  21  2:08  Zergling x4  
  21  2:13  Queen  
  25  2:18  Drone  
  26  2:41  Metabolic Boost  
  26  2:46  Drone  
  26  2:47  Drone x4  
  31  3:01  Queen  
  31  3:27  Zergling x4  
  31  3:28  Zergling x6  
  36  3:34  Baneling Nest  
  35  3:49  Extractor  
  35  3:52  Lair  
  34  4:00  Extractor, Drone x3  
  36  4:06  Overlord  
  36  4:30  Baneling  
  36  4:47  Drone x6  
  36  4:48  Drone x2  
  44  4:56  Evolution Chamber  
  44  4:59  Evolution Chamber  
  42  5:00  Hatchery  
  41  5:08  Roach Warren  
  41  5:11  Hatchery  
  39  5:40  Zerg Missile Weapons Level 1  
  39  5:41  Zerg Ground Armor Level 1  
  39  5:45  Drone x2  
  39  5:46  Drone x3  
  39  5:47  Hydralisk Den  
  43  5:57  Zergling x2  
  44  6:04  Overlord  
  44  6:05  Overlord  
  44  6:12  Extractor  
  43  6:20  Drone x4  
  43  6:21  Roach  
  43  6:23  Overlord x2  
  49  6:28  Glial Reconstitution  
  49  6:33  Extractor  
  49  6:34  Extractor  
  49  6:36  Overlord x3  
  47  6:47  Hydralisk x3, Roach x3  
  47  6:48  Roach x3  
  65  6:55  Roach  
  65  6:56  Roach x4  
  75  7:12  Roach x5  
  85  7:26  Drone  
  85  7:27  Drone x5  
  85  7:29  Drone x3  
  94  7:41  Roach x2  
  94  7:42  Roach  
  98  8:00  Hydralisk, Roach  
  98  8:01  Roach x3  
  103  8:10  Roach x3  
  100  8:14  Roach x2  
  100  8:15  Roach  
  90  8:22  Roach x3  
  90  8:24  Roach  
  86  8:32  Roach  
  86  8:33  Roach x2  
  88  8:43  Roach x2  
  88  8:44  Roach x2  
  92  8:59  Ravager  
  92  9:00  Ravager  
  92  9:01  Roach x5  
  104  9:03  Overlord  
  104  9:13  Overlord x2  
  104  9:30  Drone x4  
  108  9:33  Zerg Missile Weapons Level 2  
  108  9:37  Hatchery  
  107  9:50  Hydralisk x2  
  107  9:51  Hydralisk, Roach x3  
  119  9:53  Ravager x2  
  119  9:55  Ravager  
  122  10:08  Zerg Ground Armor Level 2  
  122  10:15  Roach  
  122  10:16  Roach x2  
  122  10:17  Overlord  
  122  10:18  Overlord x2  
  128  10:41  Drone  
  128  10:42  Drone x5  
  134  10:43  Roach x3  
  134  10:44  Roach  
  134  10:45  Drone x2, Overlord  
  134  10:47  Drone x2  
  146  10:51  Overseer  
  146  10:57  Overseer  
  146  11:00  Roach x4  
  146  11:02  Ravager x2  
  146  11:03  Ravager  
  157  11:21  Queen  
  157  11:23  Drone x5  
  164  11:38  Extractor  
  163  11:42  Extractor  
  163  11:45  Roach  
  163  11:46  Roach  
  166  11:49  Overlord x4  
  166  11:50  Overlord x2  
  166  12:00  Infestation Pit  
  158  12:23  Hydralisk x4, Roach x3  
  158  12:24  Hydralisk, Roach x4  
  169  12:34  Hydralisk  
  169  12:35  Roach x6  
  169  12:36  Roach x6  
  169  12:37  Roach x3  
  199  12:46  Ravager  
  200  13:02  Hive  
  200  13:08  Burrow  
Show
View Real Time Build Order
Export as new Build Order

Jhyrachy Zerg 

Build Orders: Hatch First 

Get SALT Encoding   

  12  0:02  Drone  
  13  0:13  Overlord  
  13  0:21  Drone  
  14  0:33  Drone  
  14  0:35  Drone  
  16  0:41  Drone  
  17  0:56  Hatchery  
  16  1:00  Drone  
  17  1:09  Drone  
  18  1:14  Drone  
  19  1:20  Spawning Pool  
  19  1:24  Overlord  
  18  1:29  Extractor  
  17  1:49  Drone x2  
  19  1:58  Overlord  
  19  2:08  Queen  
  19  2:10  Zergling x2  
  19  2:11  Zergling x2  
  19  2:13  Queen  
  25  2:16  Overlord  
  25  2:39  Zergling x2  
  25  2:40  Zergling x2  
  27  2:44  Drone  
  27  2:45  Drone x3  
  31  3:04  Lair  
  29  3:58  Roach Warren  
  29  4:00  Extractor  
  27  4:04  Queen  
  29  4:14  Drone x2  
  29  4:15  Drone  
  29  4:16  Drone x5  
  37  5:03  Overlord x2  
  37  5:06  Roach x3  
  43  5:34  Overlord x3  
  43  5:37  Roach  
  43  5:38  Roach x7  
  59  5:53  Ravager  
  59  5:54  Ravager  
  61  5:58  Ravager  
  62  6:18  Roach x7  
  68  6:20  Overlord x2  
  68  6:22  Overlord  
  68  6:24  Glial Reconstitution  
  68  6:25  Hatchery  
  75  6:54  Roach  
  75  6:55  Roach x10  
  54  8:58  Burrow  
  54  9:06  Drone x8  
  62  9:32  Roach x7  
  62  9:33  Roach x2  
  80  10:16  Tunneling Claws  
  80  10:29  Ravager x2  
  80  10:31  Ravager  
  80  10:32  Ravager  
  84  10:38  Roach  
  84  10:39  Roach x6  
  84  10:40  Overlord x2  
  84  10:41  Overlord x3  
  98  10:48  Extractor x2  
  96  11:06  Roach x6  
  96  11:07  Roach x7  
  122  11:13  Evolution Chamber  
  122  11:16  Evolution Chamber  
  120  11:34  Roach x33  
  120  11:35  Extractor, Drone  
  120  11:36  Drone x2  
  120  11:37  Drone x5  
  120  11:38  Drone x2  
  129  12:00  Roach x17  
  129  12:06  Zerg Ground Armor Level 1, Zerg Missile Weapons Level 1  
  59  12:34  Roach x6  
  59  12:35  Roach x8  
  73  12:51  Extractor  
  72  13:07  Ravager x3  
  72  13:08  Ravager  
  76  13:13  Drone x3  
  76  13:14  Drone x3  
  82  13:38  Ravager x4  
Tags
 
Add a new tag
Caveats
  • Supply blocks, unpowered buildings, or Contaminate may cause inaccurate times.
  • Supply counts are checked every 10 seconds.